NCAA
VILLANOVA WILDCATS @ ARIZONA WILDCATS
04/22/2027
 
TOP OF THE 1ST
Villanova Wildcats batting - Pitching for Arizona Wildcats : LHP Lonnie Phillips
Pitching: LHP Lonnie Phillips
Batting: RHB Juan Romero 0-0: Ball
1-0: Called Strike
1-1: Called Strike
1-2: Foul Ball, location: 2F
1-2: Ball
2-2: Ball
3-2: DOUBLE (Line Drive, 7LM)
Batting: SHB Will Combs 0-0: Called Strike
0-1: Ball
1-1: Swinging Strike
1-2: Ball
2-2: Fly out, F9 (Flyball, 9LS)
Batting: RHB Robbie Anderson 0-0: Ball
1-0: SINGLE (Flyball, 89S)
Juan Romero to third
Runner from 3rd tries for Home, SAFE, no throw
Batting: RHB Steve Smith 0-0: DOUBLE (Flyball, 8RD)
Robbie Anderson to third
Batting: RHB Michael Boulanger 0-0: SINGLE (Groundball, 56D)
Robbie Anderson scores
Steve Smith to third
Runner from 3rd tries for Home, SAFE, throw made home
Michael Boulanger to second
Batting: RHB Reynaldo Gómez 0-0: Foul Ball, location: 2F
0-1: Swinging Strike
0-2: Strikes out looking
Batting: RHB Martín Flores 0-0: Ball
1-0: Ball
2-0: Foul Ball, location: 2F
2-1: Ball
3-1: Swinging Strike
3-2: Strikes out looking
Top of the 1st over - 3 run(s), 4 hit(s), 0 error(s), 1 left on base; Villanova 3 - Arizona 0
BOTTOM OF THE 1ST
Arizona Wildcats batting - Pitching for Villanova Wildcats : RHP Dan Jones
Pitching: RHP Dan Jones
Batting: RHB Jon Hartley 0-0: Foul Ball, location: 2F
0-1: Ball
1-1: Ball
2-1: Called Strike
2-2: Foul Ball, location: 2F
2-2: Strikes out looking
Batting: RHB Donald Fenner 0-0: Ball
1-0: Fly out, F7 (Flyball, 78M)
Batting: LHB Larry Battle 0-0: Ball
1-0: Ball
2-0: Ball
3-0: Called Strike
3-1: Ground out 4-3 (Groundball, 4)
Bottom of the 1st over - 0 run(s), 0 hit(s), 0 error(s), 0 left on base; Villanova 3 - Arizona 0
TOP OF THE 2ND
Villanova Wildcats batting - Pitching for Arizona Wildcats : LHP Lonnie Phillips
Batting: RHB Jason Smith 0-0: Ground out 6-3 (Groundball, 6)
Batting: RHB Heath Hall 0-0: Ball
1-0: Ground out 6-3 (Groundball, 6S)
Batting: RHB Juan Romero 0-0: Ball
1-0: Foul Ball, location: 2F
1-1: Foul Ball, location: 2F
1-2: Ball
2-2: Ball
3-2: Foul Ball, location: 2F
3-2: Base on Balls
Batting: SHB Will Combs 0-0: Ball
1-0: Ball
2-0: Called Strike
2-1: Fly out, F7 (Flyball, 7S)
Top of the 2nd over - 0 run(s), 0 hit(s), 0 error(s), 1 left on base; Villanova 3 - Arizona 0
BOTTOM OF THE 2ND
Arizona Wildcats batting - Pitching for Villanova Wildcats : RHP Dan Jones
Batting: RHB Jake Lawrence 0-0: Ball
1-0: Ball
2-0: Fly out, F2 (Popup, 23)
Batting: RHB Arnold Flint 0-0: Called Strike
0-1: Ball
1-1: Ball
2-1: Foul Ball, location: 2F
2-2: Foul Ball, location: 2F
2-2: Ball
3-2: Strikes out looking
Batting: RHB Juan Navarro 0-0: Foul Ball, location: 2F
0-1: Ball
1-1: Swinging Strike
1-2: SINGLE (Flyball, 89S)
Batting: RHB Lúcio Pagán 0-0: Ball
1-0: Fly out, F8 (Flyball, 8RS)
Bottom of the 2nd over - 0 run(s), 1 hit(s), 0 error(s), 1 left on base; Villanova 3 - Arizona 0
TOP OF THE 3RD
Villanova Wildcats batting - Pitching for Arizona Wildcats : LHP Lonnie Phillips
Batting: RHB Robbie Anderson 0-0: Swinging Strike
0-1: Called Strike
0-2: Ball
1-2: Strikes out swinging
Batting: RHB Steve Smith 0-0: Ball
1-0: Ball
2-0: Called Strike
2-1: Called Strike
2-2: Ball
3-2: Foul Ball, location: 2F
3-2: Foul Ball, location: 2F
3-2: Base on Balls
Batting: RHB Michael Boulanger 0-0: Called Strike
0-1: DOUBLE (Groundball, 5L)
Steve Smith to third
Batting: RHB Reynaldo Gómez 0-0: Called Strike
0-1: SINGLE (Groundball, 34D)
Steve Smith scores
Michael Boulanger to third
Runner from 3rd tries for Home, SAFE, throw made home
Reynaldo Gómez to second
Batting: RHB Martín Flores 0-0: Swinging Strike
0-1: SINGLE (Groundball, 56D)
Reynaldo Gómez to third
Runner from 3rd tries for Home, SAFE, no throw
Pitching: LHP Bernard Park
Batting: RHB Jason Smith 0-0: Ball
1-0: Ball
2-0: Ball
3-0: Base on Balls
Martín Flores to second
Batting: RHB Heath Hall 0-0: Foul Ball, location: 2F
0-1: Ball
1-1: Foul Ball, location: 2F
1-2: Strikes out swinging
Batting: RHB Juan Romero 0-0: Swinging Strike
0-1: Ball
1-1: Ball
2-1: Called Strike
2-2: Fielders Choice at 2nd, 5-4 (Groundball, 5)
Top of the 3rd over - 3 run(s), 3 hit(s), 0 error(s), 1 left on base; Villanova 6 - Arizona 0
BOTTOM OF THE 3RD
Arizona Wildcats batting - Pitching for Villanova Wildcats : RHP Dan Jones
Batting: RHB Dean Oglethorpe 0-0: Ball
1-0: Swinging Strike
1-1: Fly out, F8 (Flyball, 8LD)
Batting: RHB Maurice Long 0-0: Ball
1-0: Ball
2-0: Foul Ball, location: 2F
2-1: Ball
3-1: Base on Balls
Batting: RHB Jon Hartley 0-0: Called Strike
0-1: Ball
1-1: Called Strike
1-2: Ball
2-2: Ball
3-2: Foul Ball, location: 2F
3-2: Grounds into double play, 4-6-3 (Groundball, 4)
Bottom of the 3rd over - 0 run(s), 0 hit(s), 0 error(s), 0 left on base; Villanova 6 - Arizona 0
TOP OF THE 4TH
Villanova Wildcats batting - Pitching for Arizona Wildcats : LHP Bernard Park
Batting: SHB Will Combs 0-0: Ball
1-0: Ball
2-0: Fly out, F9 (Flyball, 89M)
Batting: RHB Robbie Anderson 0-0: Ball
1-0: DOUBLE (Line Drive, 9)
Batting: RHB Steve Smith 0-0: Ball
1-0: Foul Ball, location: 2F
1-1: Ball
2-1: Fly out, F5 (Popup, 6S)
Batting: RHB Michael Boulanger 0-0: Called Strike
0-1: Ball
1-1: Ball
2-1: Foul Ball, location: 2F
2-2: Ball
3-2: SINGLE (Line Drive, 8RS)
Robbie Anderson to third
Robbie Anderson scores
Batting: RHB Reynaldo Gómez 0-0: Ball
1-0: Ball
2-0: Ball
3-0: Base on Balls
Michael Boulanger to second
Batting: RHB Martín Flores 0-0: Ball
1-0: Foul Ball, location: 2F
1-1: Foul Ball, location: 2F
1-2: SINGLE (Groundball, 6MD)
Michael Boulanger to third
Reynaldo Gómez to second
Runner from 3rd tries for Home, throw and OUT!
Top of the 4th over - 1 run(s), 3 hit(s), 0 error(s), 2 left on base; Villanova 7 - Arizona 0
BOTTOM OF THE 4TH
Arizona Wildcats batting - Pitching for Villanova Wildcats : RHP Dan Jones
Batting: RHB Donald Fenner 0-0: Ball
1-0: DOUBLE (Line Drive, 78D)
Batting: LHB Larry Battle 0-0: Called Strike
0-1: Foul Ball, location: 2F
0-2: Ball
1-2: Strikes out swinging
Batting: RHB Jake Lawrence 0-0: Foul Ball, location: 2F
0-1: Foul Ball, location: 2F
0-2: Ball
1-2: Fly out, F8 (Flyball, 78D)
Batting: RHB Arnold Flint 0-0: Called Strike
0-1: SINGLE (Groundball, 6MD)
Donald Fenner to third
Runner from 3rd tries for Home, SAFE, no throw
Batting: RHB Juan Navarro 0-0: Ball
1-0: Fly out, F8 (Flyball, 8LM)
Bottom of the 4th over - 1 run(s), 2 hit(s), 0 error(s), 1 left on base; Villanova 7 - Arizona 1
TOP OF THE 5TH
Villanova Wildcats batting - Pitching for Arizona Wildcats : LHP Bernard Park
Batting: RHB Jason Smith 0-0: Called Strike
0-1: Ball
1-1: Foul Ball, location: 2F
1-2: Ball
2-2: Foul Ball, location: 2F
2-2: Ball
3-2: Foul Ball, location: 2F
3-2: Foul Ball, location: 2F
3-2: Foul Ball, location: 2F
3-2: Ground out 1-3 (Groundball, 13S)
Batting: RHB Heath Hall 0-0: Swinging Strike
0-1: Called Strike
0-2: Strikes out looking
Batting: RHB Juan Romero 0-0: Called Strike
0-1: Called Strike
0-2: Strikes out swinging
Top of the 5th over - 0 run(s), 0 hit(s), 0 error(s), 0 left on base; Villanova 7 - Arizona 1
BOTTOM OF THE 5TH
Arizona Wildcats batting - Pitching for Villanova Wildcats : RHP Dan Jones
Batting: RHB Lúcio Pagán 0-0: Called Strike
0-1: Foul Ball, location: 2F
0-2: Ball
1-2: Ball
2-2: Strikes out looking
Batting: RHB Dean Oglethorpe 0-0: Called Strike
0-1: Ball
1-1: Ball
2-1: SINGLE (Groundball, 4S) (infield hit)
Batting: RHB Maurice Long 0-0: Called Strike
0-1: Fly out, F7 (Flyball, 78M)
Batting: RHB Jon Hartley 0-0: Ball
1-0: Ball
2-0: Fly out, F9 (Line Drive, 89S)
Bottom of the 5th over - 0 run(s), 1 hit(s), 0 error(s), 1 left on base; Villanova 7 - Arizona 1
TOP OF THE 6TH
Villanova Wildcats batting - Pitching for Arizona Wildcats : LHP Bernard Park
Batting: SHB Will Combs 0-0: SINGLE (Flyball, 9S)
Batting: RHB Robbie Anderson 0-0: Called Strike
0-1: Called Strike
0-2: Ball
1-2: Strikes out swinging
Batting: RHB Steve Smith 0-0: Ball
1-0: Called Strike
1-1: Hit by Pitch
Will Combs to second
Batting: RHB Michael Boulanger 0-0: Ball
1-0: Called Strike
1-1: Ball
2-1: Called Strike
2-2: Fly out, F9 (Flyball, 9LM)
Batting: RHB Reynaldo Gómez 0-0: Ball
1-0: Called Strike
1-1: Foul Ball, location: 2F
1-2: SINGLE (Groundball, 34D)
Will Combs to third
Steve Smith to second
Runner from 3rd tries for Home, SAFE, no throw
Batting: RHB Martín Flores 0-0: Called Strike
0-1: Ball
1-1: Foul Ball, location: 2F
1-2: Fly out, F7 (Line Drive, 7)
Top of the 6th over - 1 run(s), 2 hit(s), 0 error(s), 2 left on base; Villanova 8 - Arizona 1
BOTTOM OF THE 6TH
Arizona Wildcats batting - Pitching for Villanova Wildcats : RHP Dan Jones
Batting: RHB Donald Fenner 0-0: Swinging Strike
0-1: Foul Ball, location: 2F
0-2: Foul Ball, location: 2F
0-2: Ball
1-2: SINGLE (Flyball, 6MD)
Batting: LHB Larry Battle 0-0: Ball
1-0: Ball
2-0: Swinging Strike
2-1: Foul Ball, location: 2F
2-2: Foul Ball, location: 2F
2-2: Foul Ball, location: 2F
2-2: Ball
3-2: Base on Balls
Donald Fenner to second
Pitching: RHP Kirk Stewart
Batting: RHB Jake Lawrence 0-0: Ball
1-0: Ball
2-0: Ball
3-0: Base on Balls
Donald Fenner to third
Larry Battle to second
Batting: RHB Arnold Flint 0-0: Called Strike
0-1: Ball
1-1: Called Strike
1-2: Ball
2-2: Ball
3-2: Ground out 6-3 (Groundball, 6D)
Donald Fenner scores
Larry Battle to third
Jake Lawrence to second
Batting: RHB Juan Navarro 0-0: Foul Ball, location: 2F
0-1: Ball
1-1: SINGLE (Groundball, 56S) (infield hit)
Larry Battle scores
Jake Lawrence to third
Batting: RHB Lúcio Pagán 0-0: Called Strike
0-1: Foul Ball, location: 2F
0-2: Strikes out swinging
Batting: RHB Dean Oglethorpe 0-0: Ball
1-0: Ball
2-0: Called Strike
2-1: SINGLE (Line Drive, 89S)
Jake Lawrence scores
Juan Navarro to second
Runner from 2nd tries for 3rd, OUT!
Bottom of the 6th over - 3 run(s), 3 hit(s), 0 error(s), 1 left on base; Villanova 8 - Arizona 4
TOP OF THE 7TH
Villanova Wildcats batting - Pitching for Arizona Wildcats : LHP Bernard Park
Pitching: LHP Shawn Evans
Batting: RHB Jason Smith 0-0: Ball
1-0: Ball
2-0: Swinging Strike
2-1: Ball
3-1: Base on Balls
Batting: RHB Heath Hall 0-0: Swinging Strike
0-1: Fly out, F3 (Popup, 34S)
Batting: RHB Juan Romero 0-0: Ball
1-0: Called Strike
1-1: Swinging Strike
1-2: Strikes out swinging
Batting: SHB Will Combs 0-0: Called Strike
0-1: Ball
1-1: Ball
2-1: SINGLE (Line Drive, 4)
Jason Smith to second
Runner from 2nd tries for 3rd, SAFE, throw made to third
Batting: RHB Robbie Anderson 0-0: DOUBLE (Groundball, 5L)
Jason Smith scores
Will Combs to third
Runner from 3rd tries for Home, throw and OUT!
Top of the 7th over - 1 run(s), 2 hit(s), 0 error(s), 1 left on base; Villanova 9 - Arizona 4
BOTTOM OF THE 7TH
Arizona Wildcats batting - Pitching for Villanova Wildcats : RHP Kirk Stewart
Batting: RHB Maurice Long 0-0: Called Strike
0-1: Ball
1-1: Ground out 5-3 (Groundball, 56S)
Batting: RHB Jon Hartley 0-0: Called Strike
0-1: Ground out 4-3 (Groundball, 4M)
Batting: RHB Donald Fenner 0-0: Ball
1-0: Called Strike
1-1: Swinging Strike
1-2: Foul Ball, location: 2F
1-2: Ball
2-2: SINGLE (Groundball, 56D)
Batting: LHB Larry Battle 0-0: Called Strike
0-1: Ball
1-1: Fielders Choice at 2nd, 4-6 (Groundball, 4)
Bottom of the 7th over - 0 run(s), 1 hit(s), 0 error(s), 0 left on base; Villanova 9 - Arizona 4
TOP OF THE 8TH
Villanova Wildcats batting - Pitching for Arizona Wildcats : LHP Shawn Evans
Batting: RHB Steve Smith 0-0: Ball
1-0: Ball
2-0: Foul Ball, location: 2F
2-1: SINGLE (Line Drive, 56D)
Batting: RHB Michael Boulanger 0-0: Called Strike
0-1: Ball
1-1: Ball
2-1: Ball
3-1: Base on Balls
Steve Smith to second
Batting: RHB Reynaldo Gómez 0-0: Ball
1-0: SINGLE (Line Drive, 9LS)
Steve Smith to third
Michael Boulanger to second
Batting: RHB Martín Flores 0-0: Fly out, F8 (Flyball, 8RM)
Batting: RHB Jason Smith 0-0: Called Strike
0-1: Ball
1-1: Called Strike
1-2: Ball
2-2: Ball
3-2: Strikes out swinging
Batting: RHB Heath Hall 0-0: Swinging Strike
0-1: Ball
1-1: Ball
2-1: Ball
3-1: Base on Balls
Steve Smith scores
Michael Boulanger to third
Reynaldo Gómez to second
Batting: RHB Juan Romero 0-0: Ball
1-0: Swinging Strike
1-1: Called Strike
1-2: Foul Ball, location: 2F
1-2: Ball
2-2: Ball
3-2: Base on Balls
Michael Boulanger scores
Reynaldo Gómez to third
Heath Hall to second
Pitching: LHP John Keller
Batting: SHB Will Combs 0-0: Ball
1-0: Ball
2-0: Foul Ball, location: 2F
2-1: Ball
3-1: Base on Balls
Reynaldo Gómez scores
Heath Hall to third
Juan Romero to second
Batting: RHB Robbie Anderson 0-0: Called Strike
0-1: Ball
1-1: Fly out, F5 (Line Drive, 56)
Top of the 8th over - 3 run(s), 2 hit(s), 0 error(s), 3 left on base; Villanova 12 - Arizona 4
BOTTOM OF THE 8TH
Arizona Wildcats batting - Pitching for Villanova Wildcats : RHP Kirk Stewart
Batting: RHB Jake Lawrence 0-0: Foul Ball, location: 2F
0-1: Called Strike
0-2: Strikes out swinging
Batting: RHB Arnold Flint 0-0: Ball
1-0: Ground out 1-3 (Groundball, 13)
Batting: RHB Juan Navarro 0-0: Ball
1-0: Fly out, F7 (Line Drive, 7S)
Bottom of the 8th over - 0 run(s), 0 hit(s), 0 error(s), 0 left on base; Villanova 12 - Arizona 4
TOP OF THE 9TH
Villanova Wildcats batting - Pitching for Arizona Wildcats : LHP John Keller
Batting: RHB Steve Smith 0-0: Ball
1-0: Fly out, F6 (Popup, 6D)
Batting: RHB Michael Boulanger 0-0: Ground out 5-3 (Groundball, 56)
Batting: RHB Reynaldo Gómez 0-0: Ball
1-0: Ball
2-0: Called Strike
2-1: Ball
3-1: Foul Ball, location: 2F
3-2: Base on Balls
Batting: RHB Martín Flores 0-0: Ball
1-0: Foul Ball, location: 2F
1-1: SINGLE (Line Drive, 8LS)
Reynaldo Gómez to second
Batting: RHB Jason Smith 0-0: SINGLE (Groundball, 5S) (infield hit)
Reynaldo Gómez to third
Martín Flores to second
Batting: RHB Heath Hall 0-0: Swinging Strike
0-1: Ball
1-1: GRAND SLAM HOME RUN (Flyball, 7D), Distance : 364 ft
Pitching: LHP Léo Dubeau
Batting: RHB Juan Romero 0-0: Called Strike
0-1: Ground out 5-3 (Groundball, 25)
Top of the 9th over - 4 run(s), 3 hit(s), 0 error(s), 0 left on base; Villanova 16 - Arizona 4
BOTTOM OF THE 9TH
Arizona Wildcats batting - Pitching for Villanova Wildcats : RHP Kirk Stewart
Batting: RHB Lúcio Pagán 0-0: Called Strike
0-1: Ball
1-1: Ball
2-1: Swinging Strike
2-2: Strikes out looking
Batting: RHB Dean Oglethorpe 0-0: Ball
1-0: Called Strike
1-1: Called Strike
1-2: Foul Ball, location: 2F
1-2: Strikes out swinging
Batting: RHB Maurice Long 0-0: Ball
1-0: Ball
2-0: Called Strike
2-1: Ball
3-1: Foul Ball, location: 2F
3-2: Base on Balls
Pinch Hitting: RHB Jesús Ortíz 0-0: Ground out 1-3 (Groundball, 13S)
Bottom of the 9th over - 0 run(s), 0 hit(s), 0 error(s), 1 left on base; Villanova 16 - Arizona 4
Thursday, March 30th, 2017 - OOTP Baseball 17.12 Build 75